 Dungeon Crawl Stone Soup version 0.28-a0-268-g3f656e82c2 (webtiles) character file.

Game seed: 10149387831738037513

4694 Shayle the Nimble (level 10, -9/76 HPs)
             Began as a Djinni Warper on Aug 29, 2021.
             Was a Follower of Makhleb.
             Mangled by a cyan ugly thing (14 damage)
             ... on level 13 of the Dungeon.
             The game lasted 00:35:35 (12974 turns).

Shayle the Nimble (Djinni Warper)                  Turns: 12974, Time: 00:35:36

Health: -9/76      AC: 18    Str: 10    XL:     10   Next: 72%
Gold:   424        EV: 15    Int: 20    God:    Makhleb [*.....] SH:  5 Dex: 13

rFire   + + +      SeeInvis +     - Unarmed
rCold   . . .      Faith    .   s - +0 buckler {AC+3}
rNeg    . . .      Spirit   .   t - +2 leather armour {rC+}
rPois   ∞          Reflect  .   l - +1 helmet
rElec   .          Harm     .   (no cloak)
rCorr   .          Rampage  .   (no gloves)
Will    +....                   (boots unavailable)
Stlth   +.........              (no amulet)
HPRegen 0.22/turn               d - +4 ring of protection
MPRegen 0.00/turn               q - ring of protection from fire

@: ice-armoured, flying, studying Bows
A: sickness immunity, fire resistance 2, cold vulnerability 1, float, innate
caster, hp casting, extra vitality 1, see invisible, clever 1, MP-powered wands
a: Renounce Religion


You were on level 13 of the Dungeon.
You worshipped Makhleb.
Makhleb was aware of your devotion.
You visited 3 branches of the dungeon, and saw 13 of its levels.
You also visited: Sewer.

You collected 424 gold pieces.

Inventory:

Hand Weapons
 n - a +5 vampiric dagger
Armour
 c - +0 acid dragon scales
 l - a +1 helmet (worn)
 s - a +0 buckler of protection (worn)
 t - a +2 leather armour of cold resistance (worn)
Jewellery
 b - a ring of resist corrosion
 d - a +4 ring of protection (left hand)
 g - a +6 ring of intelligence
 o - an amulet of faith
 q - a ring of protection from fire (right hand)
Wands
 f - a wand of flame (4)
 k - a wand of polymorph (22)
Scrolls
 a - a scroll of identify
 e - a scroll of torment
 i - 2 scrolls of magic mapping
 j - 2 scrolls of teleportation
Potions
 h - a potion of magic
 m - 4 potions of haste


   Skills:
 + Level 8.0 Fighting
 - Level 0.7 Throwing
 - Level 1.0 Armour
 + Level 8.8 Dodging
 + Level 3.4 Shields
 + Level 8.0 Unarmed Combat
 - Level 2.4 Spellcasting
 + Level 5.4 Invocations


You couldn't memorise any spells.
You knew the following spells:

 Your Spells              Type           Power      Damage    Failure   Level
a - Blink                 Tloc           N/A        N/A       12%         2
b - Lesser Beckoning      Tloc           6%         N/A       24%         3
c - Gell's Gravitas       Tloc           6%         N/A       24%         3
d - Teleport Other        Tloc           12%        N/A       24%         3
e - Manifold Assault      Tloc           12%        N/A       92%         5
f - Pain                  Necr           48%        1d6       9%          1
g - Wereblood             Tmut           12%        N/A       12%         2
h - Ozocubu's Armour      Ice            12%        N/A       24%         3
i - Confusing Touch       Hex            12%        N/A       24%         3
Your spell library was empty.

Dungeon Overview and Level Annotations

Branches:
Dungeon (13/15)            Temple (1/1) D:7             Orc (1/2) D:12
  Sewer (visited)
   Lair: D:8-11      Vaults: D:13-14

Altars:
Cheibriados
Hepliaklqana
Kikubaaqudgha
Makhleb
Nemelex Xobeh
Ru
Sif Muna
The Shining One

Shops:
D:3 :   D:7 [

Annotations:
D:2 Robin, Terence
D:9 3 runed translucent doors
D:12 Urug


Innate Abilities, Weirdness & Mutations

You are immune to sickness and miasma.
You are immune to poison.
Your flesh is very heat resistant. (rF++)
You are vulnerable to cold. (rC-)
You float through the air rather than walking.
You learn spells naturally, not from books.
Your magical power is your life essence.
You have superior vitality. (+4 HP)
You have supernaturally acute eyesight. (SInv)
Your mind is acute. (Int +2)
You expend health (3 HP) to strengthen your wands.


Message History

The shadow is heavily damaged.
The shadow hits you.
Unknown command.
You punch the shadow!
The shadow is almost destroyed.
A vampire comes into view.
Unknown command.
Your surroundings suddenly seem different.
Unknown command.
Found 14 arrows.
You see here 14 arrows.
Found an escape hatch in the floor.
There is an escape hatch in the floor here.
You fly downwards.
The hatch slams shut behind you.
The cyan ugly thing gurgles horribly!
Casting: Blink (safe; 12% risk of failure)
Confirm with . or Enter, or press ? or * to list all spells.
A film of ice covers your body!
You closely miss the cyan ugly thing. The cyan ugly thing barely misses you.
You hit the cyan ugly thing.
The cyan ugly thing is lightly wounded.
You barely miss the cyan ugly thing.
The cyan ugly thing is lightly wounded.
The cyan ugly thing pecks you! The cyan ugly thing shocks you!
You hit the cyan ugly thing.
The cyan ugly thing is lightly wounded.
The cyan ugly thing pecks you. The cyan ugly thing shocks you!
You hit the cyan ugly thing.
The cyan ugly thing is lightly wounded.
The cyan ugly thing pecks you but does no damage.
Your leather armour prevents you from hitting the cyan ugly thing.
The cyan ugly thing is lightly wounded.
The cyan ugly thing pecks you. The cyan ugly thing shocks you!
* * * LOW HITPOINT WARNING * * *
You barely miss the cyan ugly thing.
The cyan ugly thing is lightly wounded.
The cyan ugly thing pecks you!
* * * LOW HITPOINT WARNING * * *
The cyan ugly thing shocks you!
You die...

#..... .
###......
#.#####........
.............
............
#..........
##..#.u........
.......@.......
..##...........
##..........
#..........
...........
#...........
#...........
#...........


You could see a cyan ugly thing.

Vanquished Creatures
  A hornet (D:9)
  Prince Ribbit (D:9)
  A shadow (D:9)
  6 yaks (D:9)
  Menkaure (D:7)
  An acid dragon (D:12)
  A water moccasin (D:8)
  An ice beast (D:6)
  A hornet zombie (D:5)
  2 black bears (D:6)
  2 necrophages
  2 ogres
  3 centaurs
  2 kobold brigands
  4 scorpions
  2 bullfrogs
  A wyvern zombie (D:6)
  4 killer bees (D:9)
  3 wights (D:8)
  3 centaur zombies
  A centaur skeleton (D:5)
  3 bullfrog skeletons
  A gnoll shaman (D:5)
  2 hounds (D:4)
  5 orc priests
  Ijyb (D:3)
  2 iguanas (D:6)
  An orc wizard (D:12)
  A hound skeleton (D:4)
  A howler monkey zombie (D:6)
  4 gnolls (D:5)
  7 adders
  A river rat (Sewer)
  3 shadow imps
  2 white imps
  A worm (D:5)
  10 orcs
  A bat (D:2)
  4 endoplasms
  4 giant cockroaches
  5 goblins
  5 hobgoblins
  2 jackals (D:1)
  19 kobolds
  3 quokkas
  10 ball pythons
  5 frilled lizards
  7 rats
153 creatures vanquished.

Vanquished Creatures (collateral kills)
  A necrophage (D:5)
  A wyvern skeleton (D:7)
2 creatures vanquished.

Grand Total: 155 creatures vanquished

Notes
Turn   | Place    | Note
-------+----------+-------------------------------------------
     0 | D:1      | Shayle the Djinni Warper began the quest for the Orb.
     0 | D:1      | Reached XP level 1. HP: 18/18 MP: 0/0
   275 | D:1      | Reached XP level 2. HP: 18/23 MP: 0/0
   690 | D:1      | Found a faded altar of an unknown god.
  1315 | D:2      | Noticed Terence
  1395 | D:2      | Noticed Robin
  1508 | D:2      | Reached XP level 3. HP: 27/29 MP: 0/0
  1508 | D:2      | Learned a level 1 spell: Pain
  1833 | D:3      | Noticed Ijyb
  1850 | D:3      | Killed Ijyb
  1851 | D:3      | Reached XP level 4. HP: 30/34 MP: 0/0
  1921 | D:3      | Found a sparkling altar of Nemelex Xobeh.
  2046 | D:3      | Found Gecacs's Book Emporium.
  2740 | D:4      | Reached XP level 5. HP: 39/40 MP: 0/0
  2740 | D:4      | Learned a level 2 spell: Wereblood
  2753 | D:4      | Noticed an ogre
  2774 | D:4      | Killed an ogre
  2775 | D:4      | Reached XP level 6. HP: 27/47 MP: 0/0
  3089 | D:4      | Found a glowing golden altar of the Shining One.
  3324 | D:4      | Found a sacrificial altar of Ru.
  3325 | D:4      | Found a hazy altar of Hepliaklqana.
  3470 | D:5      | Entered Level 5 of the Dungeon
  3549 | D:5      | Reached XP level 7. HP: 34/52 MP: 0/0
  3549 | D:5      | Learned a level 3 spell: Ozocubu's Armour
  3846 | D:5      | Reached skill level 5 in Dodging
  3875 | D:5      | Found a glowing drain.
  3884 | Sewer    | Entered a sewer
  4625 | D:5      | Reached skill level 5 in Fighting
  4625 | D:5      | Reached skill level 5 in Unarmed Combat
  4637 | D:5      | Reached XP level 8. HP: 27/59 MP: 0/0
  4979 | D:4      | Found a burning altar of Makhleb.
  5009 | D:4      | Became a worshipper of Makhleb the Destroyer
  5151 | D:4      | Gained mutation: You have hidden genetic defects. [potion
                  | of mutation]
  5151 | D:4      | Gained mutation: You possess an exceptional clarity of
                  | mind. [potion of mutation]
  5170 | D:4      | Gained mutation: You have terrible hidden genetic defects.
                  | [hidden defects]
  5714 | D:6      | Reached skill level 1 in Invocations
  5837 | D:6      | Reached XP level 9. HP: 38/66 MP: 0/0
  5837 | D:6      | Learned a level 3 spell: Confusing Touch
  6037 | D:6      | Noticed a troll
  6496 | D:6      | Found a snail-covered altar of Cheibriados.
  6595 | D:6      | Reached * piety under Makhleb
  6675 | D:7      | Found a staircase to the Ecumenical Temple.
  6688 | Temple   | Entered the Ecumenical Temple
  6691 | D:7      | Found Ziwered's Armour Shoppe.
  6784 | D:7      | Noticed Menkaure
  6788 | D:7      | Killed Menkaure
  6804 | D:7      | Gained mutation: You are weak. (Str -2) [hidden defects]
  6804 | D:7      | Lost mutation: You have terrible hidden genetic defects.
                  | [hidden defects expressed]
  9552 | D:9      | Gained mutation: You sometimes lose the ability to read
                  | scrolls when taking damage. [hidden defects]
  9625 | D:9      | Reached skill level 1 in Shields
  9625 | D:9      | Reached XP level 10. HP: 68/75 MP: 0/0
 10374 | D:9      | Noticed Prince Ribbit
 10416 | D:9      | Found a runed translucent gate.
 10416 | D:9      | Found a runed translucent gate.
 10416 | D:9      | Found a runed translucent gate.
 10417 | D:9      | Noticed a white ugly thing
 10417 | D:9      | Noticed a cyan ugly thing
 10417 | D:9      | Noticed a red ugly thing
 10417 | D:9      | Noticed a purple very ugly thing
 10417 | D:9      | Noticed a glowing orange brain
 10417 | D:9      | Noticed a red ugly thing
 10418 | D:9      | Noticed a purple ugly thing
 10484 | D:9      | Reached skill level 5 in Invocations
 10517 | D:9      | Noticed a lindwurm
 10517 | D:9      | Noticed a lindwurm
 10517 | D:9      | Noticed a lindwurm
 10518 | D:9      | Noticed a lindwurm
 11318 | D:9      | Killed Prince Ribbit
 11421 | D:9      | You are sucked into a shaft and drop 3 floors!
 11447 | D:12     | Found a staircase to the Orcish Mines.
 11680 | D:12     | Noticed Urug
 11765 | D:12     | HP: 2/76 [orc warrior (8)]
 11772 | Orc:1    | Entered Level 1 of the Orcish Mines
 12152 | D:12     | HP: 2/76 [orc warrior (6)]
 12270 | D:12     | Lost mutation: You are weak. (Str -2) [potion of mutation]
 12270 | D:12     | Lost mutation: You possess an exceptional clarity of mind.
                  | [potion of mutation]
 12270 | D:12     | Gained mutation: Your body sometimes deteriorates upon
                  | taking damage. [potion of mutation]
 12270 | D:12     | Lost mutation: You have hidden genetic defects. [potion of
                  | mutation]
 12271 | D:12     | Lost mutation: Your body sometimes deteriorates upon taking
                  | damage. [potion of mutation]
 12271 | D:12     | Lost mutation: You sometimes lose the ability to read
                  | scrolls when taking damage. [potion of mutation]
 12271 | D:12     | Gained mutation: You expend health (3 HP) to strengthen
                  | your wands. [potion of mutation]
 12271 | D:12     | Gained mutation: Your mind is acute. (Int +2) [potion of
                  | mutation]
 12271 | D:12     | Gained mutation: You have supernaturally acute eyesight.
                  | (SInv) [potion of mutation]
 12621 | D:12     | You are sucked into a shaft and drop 1 floor!
 12621 | D:13     | Noticed a cyclops
 12899 | D:12     | Noticed a centaur warrior
 12966 | D:13     | Noticed a cyan ugly thing
 12974 | D:13     | Mangled by a cyan ugly thing

Illustrated notes

Levels and vault maps discovered:
D:1:      scummos_arrival_simple_fountains, layout_basic,
          hellmonk_ecumenical_altar_heavens_door, minivault_25
D:2:      layout_rooms, basic_altar, minmay_pentomino_s2,
          uniq_crazy_yiuf_cottage, uniq_terence, uniq_robin
D:3:      layout_basic, overflow_temple_1_default, serial_shops, shop, uniq_ijyb
D:4:      layout_cave_pools, nicolae_tso_carved_into_rock,
          mainiacjoe_overflow_alcove_3, minmay_ruined_shrine
D:5:      minmay_spotlight, layout_basic, cheibrodos_sewer_entry_bend,
          grunt_ministairs_4
D:6:      layout_rooms, mainiacjoe_overflow_alcove_1
D:7:      layout_basic, minmay_temple_entry_statues_pillars, serial_shops,
          nicolae_stop_n_shop_1, uniq_menkaure
D:8:      layout_layer_cave, serial_glass, glass_columns_b, glass_columns_b,
          glass_columns_b, glass_columns_a, glass_columns_a, glass_columns_b
D:9:      layout_roguey, ploomutoo_gammafunk_ghost_potion_laboratory,
          chequers_serial_rivers_small_3, minmay_lindwurm_lava,
          uniq_prince_ribbit1
D:12:     layout_long_grid, david_orc_3, uniq_urug
D:13:     giant_chief_lemuel, layout_cave_pods, uniq_frances
Temple:   jpeg_temple_clearing
Orc:1:    layout_caves, special_room [special_room_bee], serial_shops,
          nicolae_lakefront_shop

Skill      XL: |  1  2  3  4  5  6  7  8  9 10 |
---------------+-------------------------------+-----
Dodging        | 3 4 5 6 8 |  8.8
Fighting       | 3 4 5 6 7 8 |  8.0
Unarmed Combat | 3 4 5 6 7 8 |  8.0
Invocations    | 2 4 5 |  5.4
Shields        | 1 3 |  3.4
Throwing       | |  0.7
Armour         | |  1.0
Spellcasting   | |  2.4

Action                   |  1- 3 |  4- 6 |  7- 9 | 10-12 || total
-------------------------+-------+-------+-------+-------++-------
Melee: Unarmed           |   119 |       |       |    76 ||   195
       Punch             |     3 |     3 |    11 |       ||    17
       Dagger            |       |   113 |   458 |   232 ||   803
Throw: Boomerang         |     1 |       |     4 |       ||     5
 Cast: Pain              |     6 |       |       |       ||     6
       Teleport Other    |       |     2 |       |     9 ||    11
       Blink             |       |       |     4 |     1 ||     5
       Ozocubu's Armour  |       |       |     1 |     4 ||     5
       Wereblood         |       |       |     1 |     3 ||     4
       Confusing Touch   |       |       |     1 |     1 ||     2
Evoke: Wand              |       |       |    29 |     7 ||    36
  Use: Potion            |     1 |     1 |    10 |     6 ||    18
       Scroll            |     1 |     4 |     7 |    10 ||    22
 Stab: Invisible         |       |       |     1 |       ||     1
       Sleeping          |       |       |     1 |       ||     1
       Confused          |       |       |       |     1 ||     1
Armor: Leather armour    |    40 |    39 |   142 |   141 ||   362
       Skin              |       |     5 |    11 |     8 ||    24
Dodge: Dodged            |    78 |    80 |   316 |   215 ||   689
Block: Buckler           |       |       |    11 |    51 ||    62

Table legend: (Time is in decaauts)
 A = Elapsed time spent in this place.
 B = Non-inter-level travel time spent in this place.
 C = Inter-level travel time spent in this place.
 D = Time resting spent in this place.
 E = Time spent auto-exploring this place.
 F = Levels seen in this place.
 G = Mean time per level.
                   A        B        C        D        E       F      G
               +--------+--------+--------+--------+--------+-----+--------+
         Total |  12979 |  12446 |    533 |   3804 |   5598 |  14 |  927.1 |
       Dungeon |  12459 |  11926 |    533 |   3565 |   5472 |  11 | 1132.6 |
        Temple |      1 |      1 |      0 |      0 |      0 |   1 |    1.0 |
  Orcish Mines |      1 |      1 |      0 |      0 |      0 |   1 |    1.0 |
         Sewer |    515 |    515 |      0 |    239 |    126 |   1 |  515.0 |
               +--------+--------+--------+--------+--------+-----+--------+

Top non-repeatable levels by time:
     D:9: 2127 daAuts
     D:8: 1597 daAuts
    D:12: 1523 daAuts
     D:1: 1488 daAuts
     D:4: 1458 daAuts
     D:5: 1165 daAuts
     D:3: 1095 daAuts
     D:7: 991 daAuts
     D:6: 878 daAuts
   Sewer: 515 daAuts
     D:2: 113 daAuts
    D:13: 19 daAuts
   Orc:1: 1 daAuts
  Temple: 1 daAuts
